 Dungeon Crawl Stone Soup version 0.26-a0-952-g76694b35de (webtiles) character file.

Game seed: 5760376658084754941

311 mhtbhm the Cutter (level 6, -1/38 HPs)
             Began as a Kobold Berserker on Nov 30, 2020.
             Was a Believer of Trog.
             Slain by an orc wizard
             ... wielding a +0 dagger
              (2 damage)
             ... on level 3 of the Dungeon.
             The game lasted 00:03:04 (3118 turns).

mhtbhm the Cutter (Kobold Berserker)                Turns: 3118, Time: 00:03:06

Health: -1/38      AC:  2    Str: 16    XL:     6   Next: 70%
Magic:  6/6        EV: 16    Int:  9    God:    Trog [**....]
Gold:   103        SH:  0    Dex: 14    Spells: 5/5 levels left

rFire    . . .     SeeInvis .   a - +0 short sword
rCold    . . .     Faith    .   (shield restricted)
rNeg     . . .     Spirit   .   b - +0 animal skin
rPois    .         Reflect  .   (no helmet)
rElec    .         Harm     .   (no cloak)
rCorr    .         Rampage  .   (no gloves)
MR       .....                  (no boots)
Stlth    ++++......             (no amulet)
HPRegen  0.12/turn              (no ring)
MPRegen  0.10/turn              (no ring)

@: berserk cooldown, slowed, very slow
A: small, nightstalker 3
a: Berserk, Trog's Hand, Renounce Religion


You were on level 3 of the Dungeon.
You worshipped Trog.
Trog was pleased with you.
You visited 1 branch of the dungeon, and saw 3 of its levels.

You collected 103 gold pieces.

Inventory:

Hand Weapons
 a - a +0 short sword (weapon)
Armour
 b - a +0 animal skin (worn)
Jewellery
 d - an uncursed ring of ice
 f - an uncursed ring of ice
Scrolls
 c - a scroll of teleportation {unknown}
 e - 5 scrolls of identify {unknown}
 g - a scroll of magic mapping {unknown}
 i - a scroll of remove curse {unknown}
 j - a scroll of immolation {unknown}
Potions
 h - a potion of lignification {unknown}


   Skills:
 + Level 4.3 Fighting
 + Level 6.3 Short Blades
 + Level 1.5 Armour
 + Level 3.9 Dodging
 + Level 4.8 Stealth


You had 5 spell levels left.
You didn't know any spells.
Your spell library was empty.

Dungeon Overview and Level Annotations

Branches:
Dungeon (3/15)

Altars:
Ashenzari
Xom
Zin
The Shining One


Innate Abilities, Weirdness & Mutations

You are small and have problems with some larger weapons.
You are completely attuned to the shadows.


Message History

You are too injured to fight recklessly!
You are too injured to fight recklessly!
You barely miss the orc. The orc hits you but does no damage.
The orc hits you with a +0 dagger. Something hits you but does no damage.
The goblin hits you. The orc closely misses you.
The orc hits you with a +0 dagger.
* * * LOW HITPOINT WARNING * * *
You hit the orc.
The orc is moderately wounded.
Something hits you.
* * * LOW HITPOINT WARNING * * *
The goblin misses you. The orc completely misses you.
The orc hits you but does no damage.
You hit the orc.
The orc is severely wounded.
Something hits you.
* * * LOW HITPOINT WARNING * * *
The goblin barely misses you. The orc closely misses you.
The orc completely misses you. Something hits you.
You die...

#.# #.# #.#
#######.#
#.[.....## #.#.#
##........##
###.#..
##.......#.#
#.....
##........####.o.#
.......†.#.....)@#
##........###..go#
##..####..# #..###
...... ##.# #?.#
....## #. #...
.... ##.. #


You could see 2 orcs and a goblin.

Vanquished Creatures
  Sigmund (D:3)
  An orc wizard (D:3)
  Natasha (twice) (D:2)
  3 adders (D:2)
  A worm (D:2)
  A dart slug (D:3)
  A leopard gecko (D:1)
  5 giant cockroaches
  7 hobgoblins
  4 jackals (D:2)
  6 kobolds
  7 bats
  3 frilled lizards (D:1)
  5 goblins
  5 rats
52 creatures vanquished.

Notes
Turn   | Place    | Note
-------+----------+-------------------------------------------
     0 | D:1      | mhtbhm the Kobold Berserker began the quest for the Orb.
     0 | D:1      | Reached XP level 1. HP: 14/14 MP: 1/1
   189 | D:1      | Reached XP level 2. HP: 15/19 MP: 2/2
   604 | D:1      | Reached XP level 3. HP: 24/24 MP: 3/3
   843 | D:2      | Reached skill level 1 in Stealth
  1063 | D:2      | Reached skill level 5 in Short Blades
  1344 | D:2      | Reached XP level 4. HP: 29/29 MP: 4/4
  1733 | D:2      | Noticed Natasha
  1747 | D:2      | Killed Natasha
  2063 | D:2      | Noticed Natasha
  2080 | D:2      | Killed Natasha
  2080 | D:2      | Reached ** piety under Trog
  2081 | D:2      | Reached XP level 5. HP: 25/33 MP: 5/5
  2238 | D:2      | Found a glowing golden altar of the Shining One.
  2378 | D:2      | Found a glowing golden altar of the Shining One.
  2378 | D:2      | Found a shimmering altar of Xom.
  2378 | D:2      | Found a broken altar of Ashenzari.
  2401 | D:2      | Found a sparkling altar of Nemelex Xobeh.
  2401 | D:2      | Found a glowing silver altar of Zin.
  2401 | D:2      | Found a radiant altar of Vehumet.
  3091 | D:3      | Noticed Sigmund
  3106 | D:3      | Killed Sigmund
  3107 | D:3      | Reached skill level 6 in Short Blades
  3107 | D:3      | Reached XP level 6. HP: 38/38 MP: 6/6
  3118 | D:3      | HP: 1/38 [something (3)]
  3118 | D:3      | Slain by an orc wizard

Illustrated notes

Levels and vault maps discovered:
D:1:      onia_arrival_mini_spirals, layout_basic
D:2:      layout_basic, nicolae_tso_swordbearing_angel, doesnt_xom_only_xom,
          serial_co_window_serial, co_window_corner_a, co_window_corner_a,
          co_window_paths_b, co_window_paths_b, co_window_of_opportunity_a,
          co_window_unsneaky_path_d, co_window_broadway_c,
          co_window_of_opportunity_c, co_window_paths_c, glass_columns_b,
          glass_columns_c, glass_columns_c, minmay_distorted, uniq_natasha
D:3:      layout_loops_cross, vehumet_crystals, serial_rivers,
          chequers_serial_rivers_micro_b, chequers_serial_rivers_small_b,
          chequers_serial_rivers_large_a, chequers_serial_rivers_micro_b,
          chequers_serial_rivers_large_b, uniq_sigmund

Skill      XL: |  1  2  3  4  5 |
---------------+----------------+-----
Stealth        | 1 2 4 |  4.8
Short Blades   | 5 6 |  6.3
Dodging        | 3 |  3.9
Fighting       | 4 |  4.3
Armour         | |  1.5

Action                   |  1- 3 |  4- 6 || total
-------------------------+-------+-------++-------
Melee: Short sword       |   102 |    97 ||   199
Invok: Berserk           |       |     4 ||     4
 Stab: Sleeping          |    12 |     3 ||    15
Armor: Animal skin       |     9 |     9 ||    18
Dodge: Dodged            |    70 |    65 ||   135

Table legend: (Time is in decaauts)
 A = Elapsed time spent in this place.
 B = Non-inter-level travel time spent in this place.
 C = Inter-level travel time spent in this place.
 D = Time resting spent in this place.
 E = Time spent auto-exploring this place.
 F = Levels seen in this place.
 G = Mean time per level.
                   A        B        C        D        E       F      G
               +--------+--------+--------+--------+--------+-----+--------+
         Total |   3123 |   3123 |      0 |    921 |   1715 |   3 | 1041.0 |
       Dungeon |   3123 |   3123 |      0 |    921 |   1715 |   3 | 1041.0 |
               +--------+--------+--------+--------+--------+-----+--------+

Top non-repeatable levels by time:
     D:2: 2288 daAuts
     D:1: 774 daAuts
     D:3: 60 daAuts
